 Dungeon Crawl Stone Soup version 0.24.0-37-gcf1ca852f1 (webtiles) character file.

Game seed: 3424274845715103211, levelgen mode: deterministic

168031 Peloso the Hoplite (level 17, -12/156 HPs)
             Began as a Minotaur Fighter on Nov 25, 2019.
             Was the Champion of Okawaru.
             Killed from afar by a manticore (20 damage)
             ... with a volley of spikes
             ... on level 1 of the Shoals.
             The game lasted 01:35:48 (39968 turns).

Peloso the Hoplite (Minotaur Fighter)              Turns: 39968, Time: 01:35:49

Health: -12/156    AC: 24    Str: 34    XL:     17   Next: 7%
Magic:  18/18      EV: 16    Int:  5    God:    Okawaru [******]
Gold:   2549       SH: 23    Dex: 24    Spells: 16/16 levels left

rFire    . . .     SeeInvis +   c - +6 long sword (elec)
rCold    . . .     Gourm    .   k - +4 shield of the Maze {Str+3}
rNeg     . . .     Faith    .   j - +5 chain mail "Zaetateu" {rPois Str+2 Dex+3}
rPois    +         Spirit   .   U - +2 hat of Mizuotze {Dex+5}
rElec    .         Reflect  .   w - +0 cloak {MR+}
rCorr    .         Harm     .   (no gloves)
MR       ++...                  K - +0 pair of boots
Stlth    ..........             (no amulet)
HPRegen  0.36/turn              v - +3 ring of strength
MPRegen  0.16/turn              N - ring "Deigh" {+Inv rPois Dex+4 SInv}

@: barbed spikes, mesmerised, very slow
A: retaliatory headbutt, horns 2
}: 1/15 runes: gossamer
a: Heroism, Finesse, Renounce Religion, Evoke Invisibility


You were on level 1 of the Shoals.
You worshipped Okawaru.
Okawaru was exalted by your worship.
You were not hungry.

You visited 6 branches of the dungeon, and saw 29 of its levels.
You also visited: Gauntlet.

You collected 2831 gold pieces.
You spent 282 gold pieces at shops.

Inventory:

Hand Weapons
 a - the +7 falchion of the Priest {pain, +Inv rPois rN+ MR+}
   (You found it on level 1 of the Spider Nest)

   In the hands of one skilled in necromantic magic, it inflicts extra damage on
   living creatures.
   It protects you from poison.
   It protects you from negative energy.
   It affects your resistance to hostile enchantments.
   It lets you turn invisible.
 b - a +3 scimitar of flaming
 c - a +6 long sword of electrocution (weapon)
Armour
 j - the +5 chain mail "Zaetateu" (worn) {rPois Str+2 Dex+3}
   (You found it on level 1 of the Lair of Beasts)

   It affects your strength (+2).
   It affects your dexterity (+3).
   It protects you from poison.
 k - the +4 shield of the Maze (worn) {Str+3}
   (Okawaru gifted it to you on level 2 of the Spider Nest)

   It affects your strength (+3).
 n - a scarf of repulsion
 w - a +0 cloak of magic resistance (worn)
 K - a +0 pair of boots (worn)
 U - the +2 hat of Mizuotze (worn) {Dex+5}
   (Okawaru gifted it to you on level 2 of the Lair of Beasts)

   It affects your dexterity (+5).
Jewellery
 m - an uncursed ring of ice
 v - a +3 ring of strength (left hand)
 x - an uncursed ring of resist corrosion
 y - an uncursed ring of protection from magic
 C - an uncursed ring of fire
 N - the ring "Deigh" (right hand) {+Inv rPois Dex+4 SInv}
   (You took it off a minotaur in a Gauntlet)

   [ring of poison resistance]

   It affects your dexterity (+4).
   It protects you from poison.
   It lets you see invisible.
   It lets you turn invisible.
 T - an uncursed ring of ice
Wands
 W - a wand of digging (11)
Scrolls
 e - 7 scrolls of magic mapping
 g - 2 scrolls of fog
 h - 9 scrolls of teleportation
 i - 6 scrolls of remove curse
 p - 3 scrolls of blinking
 r - 3 scrolls of fear
 t - 6 scrolls of identify
Potions
 d - 2 potions of flight
 l - 6 potions of haste
 o - a potion of brilliance
 s - 2 potions of agility
 u - 3 potions of might
 z - 10 potions of curing
 A - 4 potions of heal wounds
 G - 4 potions of ambrosia
 J - 3 potions of berserk rage
Comestibles
 f - 48 rations
 q - a chunk of flesh


   Skills:
 + Level 15.1 Fighting
 + Level 17.1 Long Blades
 + Level 15.4 Armour
 + Level 7.7 Dodging
 + Level 2.8 Stealth
 + Level 22.7 Shields
 + Level 3.2 Invocations
 + Level 1.4 Evocations


You had 16 spell levels left.
You didn't know any spells.
Your spell library contained the following spells:

 Spells                   Type           Power        Failure   Level  Hunger
 Apportation              Tloc           #.....       83%         1    ##.....
 Beastly Appendage        Tmut           #.....       83%         1    ##.....
 Magic Dart               Conj           #...         83%         1    ##.....
 Summon Butterflies       Summ           #.......     83%         1    ##.....
 Blink                    Tloc           N/A          92%         2    ###....
 Call Imp                 Summ           #.......     92%         2    ###....
 Shroud of Golubria       Chrm/Tloc      #.....       92%         2    ###....
 Slow                     Hex            #.......     92%         2    ###....
 Sticks to Snakes         Tmut           #.......     92%         2    ###....
 Conjure Flame            Conj/Fire      #.......     99%         3    ####...
 Lesser Beckoning         Tloc           #.........   99%         3    ####...
 Mephitic Cloud           Conj/Pois/Air  #.......     99%         3    ####...
 Spider Form              Tmut/Pois      #.........   99%         3    ####...
 Tukima's Dance           Hex            #.......     99%         3    ####...
 Ice Form                 Ice/Tmut       #.......     100%        4    #####..
 Leda's Liquefaction      Hex/Erth       #.........   100%        4    #####..
 Passage of Golubria      Tloc           N/A          100%        4    #####..
 Alistair's Intoxication  Tmut/Pois      #.......     100%        5    ######.
 Blade Hands              Tmut           #.........   100%        5    ######.
 Bolt of Magma            Conj/Fire/Erth #.........   100%        5    ######.
 Iskenderun's Battlesphe  Conj/Chrm      #.......     100%        5    ######.
 Venom Bolt               Conj/Pois      #.........   100%        5    ######.
 Invisibility             Hex            #.......     100%        6    #######
 Iron Shot                Conj/Erth      #.........   100%        6    #######
 Shadow Creatures         Summ           N/A          100%        6    #######
 Statue Form              Tmut/Erth      #........    100%        6    #######
 Orb of Destruction       Conj           #.........   100%        7    #######
 Spellforged Servitor     Conj/Summ      #.........   100%        7    #######
 Shatter                  Erth           #.........   100%        9    #######


Dungeon Overview and Level Annotations

Branches:
Dungeon (15/15)            Temple (1/1) D:6            Lair (6/6) D:9
 Shoals (1/4) Lair:4       Spider (4/4) Lair:2        Slime (0/5) Lair:6
    Orc (2/2) D:11            Elf (0/3) Orc:2        Vaults (0/5) D:14
 Depths (0/5) D:15        Gauntlet (visited)

Altars:
Ashenzari
Cheibriados
Dithmenos
Elyvilon
Fedhas
Gozag
Hepliaklqana
Kikubaaqudgha
Makhleb
Nemelex Xobeh
Okawaru
Qazlal
Ru
Sif Muna
Trog
Uskayaw
Vehumet
Wu Jian
Xom
Yredelemnul
Zin
The Shining One
Beogh

Shops:
D:4 :   D:5 *   D:10 %   D:13 [   D:14 *   Orc:2 }:}:

Annotations:
D:3 3 runed translucent doors, kalagan's ghost, amateur GrEE
Lair:2 2 transporters, Haraddelas's ghost, journeyman OpTm


Innate Abilities, Weirdness & Mutations

You reflexively headbutt those who attack you in melee.
You have a pair of horns on your head.


Message History

You slice the merfolk avatar!!
Your headbutt misses the merfolk avatar.
The merfolk avatar is moderately wounded.
You block the drowned soul's attack. The drowned soul touches you.
The drowned soul drowns you!
* * * LOW HITPOINT WARNING * * *
The merfolk avatar chants its luring song.
You hit the merfolk avatar. You headbutt the merfolk avatar!
The merfolk avatar is heavily wounded.
You block the merfolk's attack. The drowned soul touches you.
The drowned soul drowns you!
* * * LOW HITPOINT WARNING * * *
The merfolk avatar chants its luring song.
Unknown command.
You slice the merfolk avatar!! You headbutt the merfolk avatar!!
The merfolk avatar is almost dead.
The manticore flicks its tail.
The volley of spikes hits you!!
The barbed spikes become lodged in your body.
You die...

...≈≈≈≈≈.......
≈≈≈≈≈≈≈≈≈........
≈≈≈≈≈≈≈≈≈≈.......
≈≈≈≈≈≈≈≈≈≈.......
≈≈≈≈≈≈≈≈≈≈.?.....
≈≈≈≈≈≈≈≈≈≈m..)?..
.≈≈H≈≈m≈≈.≈≈≈≈≈≈
..≈≈≈m≈@.≈.##.≈≈≈
..........#..#..≈≈
.P....≈.#m#..#.#m≈
.P...≈≈..........≈≈
.......##..≈≈|.##.≈
P....≈#...≈≈≈≈...#
.....≈#...≈≈≈≈...#
.....≈.##.}≈≈(.##..#
....≈≈..........≈≈##


You could see a merfolk avatar, 3 merfolk and a manticore.

Vanquished Creatures
  Arachne (Spider:2)
  Rupert (Lair:5)
  Agnes (D:15)
  Gastronok (Lair:2)
  Roxanne (D:15)
  2 ghost moths
  Aizul (Spider:3)
  2 emperor scorpions (Spider:4)
  A very ugly thing (D:11)
  2 entropy weavers
  Nessos (Lair:6)
  Azrael (Spider:2)
  4 spark wasps
  A minotaur (Gauntlet)
  4 dire elephants (Lair:6)
  2 ettins
  Fannar (Lair:2)
  The ghost of Xixaub Eqygg the Grappler, a journeyman DrTm of Okawaru (Lair:1)
  3 hydras
  Erica (Lair:2)
  2 centaur warriors (D:13)
  An anaconda (Lair:6)
  3 catoblepae
  A merfolk avatar (Shoals:1)
  2 dancing weapons (D:14)
  The ghost of Xonoqav the Cleaver, a journeyman GrFi of the Shining One (D:9)
  7 death yaks
  7 two-headed ogres
  Urug (Lair:1)
  2 queen ants
  3 orc high priests (Orc:2)
  2 fire crabs (Shoals:1)
  A sea snake (Shoals:1)
  An unseen horror (D:13)
  A wizard (D:12)
  12 orb spiders
  A wolf spider zombie (D:15)
  7 orc knights
  15 ugly things
  2 oklob plants (Lair:6)
  14 wolf spiders
  A deep elf mage (D:15)
  6 orc sorcerers
  4 elephants (Lair:6)
  3 cyclopes
  4 manticores
  A moth of wrath (Spider:4)
  2 spectral centaurs (D:9)
  An ice statue (D:10)
  Joseph (D:8)
  4 gargoyles
  3 centaur zombies
  A smoke demon (Gauntlet)
  9 spiny frogs
  6 black mambas
  A torpor snail (Spider:3)
  A rime drake (shapeshifter) (D:15)
  A freezing wraith (D:14)
  2 kobold demonologists (D:14)
  A rime drake (Lair:6)
  A yaktaur (shapeshifter) (D:15)
  2 komodo dragons
  14 demonic crawlers
  24 jumping spiders
  A queen bee (Lair:2)
  6 trolls
  5 hornets
  2 merfolk (Shoals:1)
  A polar bear (shapeshifter) (D:15)
  A troll (shapeshifter) (D:14)
  A raiju (Gauntlet)
  9 hippogriffs
  27 blink frogs
  3 slime creatures (D:15)
  12 dream sheep
  A meliai zombie (D:10)
  Sigmund (D:6)
  53 redbacks
  2 shadows
  A tarantella (shapeshifter) (D:15)
  A spriggan (D:11)
  2 fire bats (Shoals:1)
  4 wraiths
  36 yaks
  Eustachio (D:4)
  22 tarantellas
  4 fire elementals (Spider:2)
  7 hungry ghosts
  2 vampire mosquitoes (D:12)
  7 basilisks
  3 steam dragons
  Edmund (D:6)
  4 wargs
  An acid dragon (D:12)
  4 hell hounds (Spider:2)
  7 water moccasins
  7 porcupines
  11 soldier ants
  Duvessa (D:6)
  A floating eye (shapeshifter) (D:15)
  20 orc warriors
  A black bear (D:6)
  4 ice beasts
  5 sky beasts
  An eye of draining (D:8)
  5 boggarts (D:15)
  2 necrophages
  12 ogres
  19 wolves
  3 phantoms
  6 centaurs
  12 crocodiles
  19 bullfrogs
  4 big kobolds
  Blork the orc (D:6)
  A gnoll sergeant (Temple)
  2 wyvern zombies
  2 wyvern skeletons
  5 scorpions
  Dowan (D:6)
  27 killer bees
  3 troll zombies (D:11)
  8 wights
  2 howler monkeys
  5 crimson imps
  A quasit (D:11)
  27 orc priests
  3 jellies
  6 centaur skeletons
  6 hounds
  30 orc wizards
  4 bullfrog skeletons
  4 iguanas
  Crazy Yiuf (D:6)
  25 worker ants
  5 ogre zombies (D:11)
  A hound skeleton (D:10)
  5 worker ant zombies
  Robin (D:4)
  7 gnolls
  11 adders
  3 shadow imps
  2 oozes
  3 worms (D:2)
  4 leopard geckos
  66 orcs
  9 giant cockroaches
  15 hobgoblins
  7 jackals
  11 kobolds
  4 quokkas
  8 bats
  4 frilled lizards
  14 goblins
  A goblin skeleton (D:11)
  A goblin zombie (D:11)
  3 hobgoblin skeletons (D:11)
  5 hobgoblin zombies (D:11)
  A jackal skeleton (D:4)
  2 orc skeletons (D:11)
  13 orc zombies (D:11)
  2 quokka skeletons
  A quokka zombie (D:8)
  8 rats
  2 fungi
  5 plants (Lair:6)
964 creatures vanquished.

Vanquished Creatures (others)
  A ghost moth (Spider:4)
  A jumping spider (Spider:3)
  22 fungi
  21 plants
45 creatures vanquished.

Grand Total: 1009 creatures vanquished

Notes
Turn   | Place    | Note
-------+----------+-------------------------------------------
     0 | D:1      | Peloso the Minotaur Fighter began the quest for the Orb.
     0 | D:1      | Reached XP level 1. HP: 19/19 MP: 0/0
   192 | D:1      | Reached XP level 2. HP: 21/27 MP: 1/1
   456 | D:1      | Reached skill level 4 in Shields
   656 | D:2      | Reached XP level 3. HP: 33/33 MP: 2/2
   664 | D:2      | Found a basalt altar of Yredelemnul.
   783 | D:2      | Found an opulent altar of Gozag.
  1572 | D:3      | Found a runed translucent gate.
  1572 | D:3      | Found a runed translucent gate.
  1572 | D:3      | Found a runed translucent gate.
  1587 | D:3      | Reached XP level 4. HP: 31/40 MP: 3/3
  1752 | D:3      | Found a basalt altar of Yredelemnul.
  1821 | D:3      | Noticed kalagan's ghost (amateur GrEE)
  2242 | D:4      | Reached XP level 5. HP: 46/46 MP: 4/4
  2260 | D:4      | Noticed Eustachio
  2274 | D:4      | Killed Eustachio
  2274 | D:4      | Reached skill level 5 in Long Blades
  2274 | D:4      | Reached XP level 6. HP: 32/53 MP: 5/5
  2519 | D:4      | Found a sacrificial altar of Ru.
  2522 | D:4      | Found a hide-covered altar of Uskayaw.
  2522 | D:4      | Found a hazy altar of Hepliaklqana.
  2525 | D:4      | Found an ancient bone altar of Kikubaaqudgha.
  2652 | D:4      | Reached skill level 5 in Shields
  2661 | D:4      | Reached skill level 5 in Armour
  2804 | D:4      | Noticed a hippogriff
  2811 | D:4      | Killed a hippogriff
  2811 | D:4      | Reached skill level 5 in Fighting
  2811 | D:4      | Reached XP level 7. HP: 14/61 MP: 6/6
  3167 | D:4      | Noticed Robin
  3177 | D:4      | Killed Robin
  3203 | D:4      | Found Jacel's Book Boutique.
  3229 | D:4      | Reached skill level 1 in Dodging
  3229 | D:4      | Reached skill level 6 in Shields
  3545 | D:4      | Found a sparkling altar of Nemelex Xobeh.
  3550 | D:4      | Found a glowing silver altar of Zin.
  3594 | D:5      | Entered Level 5 of the Dungeon
  3823 | D:5      | Reached XP level 8. HP: 62/69 MP: 7/7
  4121 | D:5      | Found Pumemop's General Store.
  4129 | D:5      | Bought a scroll of identify for 24 gold pieces
  4129 | D:5      | Bought a scroll of identify for 24 gold pieces
  4174 | D:5      | Reached skill level 7 in Shields
  4566 | D:6      | Noticed Edmund
  4595 | D:6      | Killed Edmund
  4714 | D:6      | Found a staircase to the Ecumenical Temple.
  4734 | Temple   | Entered the Ecumenical Temple
  4770 | Temple   | Became a worshipper of Warmaster Okawaru
  4834 | D:6      | Reached skill level 1 in Stealth
  4875 | D:6      | Noticed Blork the orc
  4886 | D:6      | Killed Blork the orc
  4886 | D:6      | Reached skill level 8 in Shields
  4915 | D:6      | Found a sacrificial altar of Ru.
  4966 | D:6      | Reached skill level 9 in Shields
  4980 | D:6      | Reached * piety under Okawaru
  4980 | D:6      | Reached XP level 9. HP: 68/75 MP: 8/8
  5083 | D:6      | Noticed Dowan
  5101 | D:6      | Killed Dowan
  5106 | D:6      | Noticed Duvessa
  5130 | D:6      | Killed Duvessa
  5457 | D:6      | Found a runed translucent door.
  5458 | D:6      | Noticed Crazy Yiuf
  5546 | D:6      | Noticed Sigmund
  5555 | D:6      | Killed Sigmund
  5555 | D:6      | Reached skill level 10 in Shields
  5655 | D:6      | Found an ornate altar of the Wu Jian Council.
  5854 | D:6      | Killed Crazy Yiuf
  5938 | D:7      | Reached skill level 11 in Shields
  6050 | D:7      | Reached ** piety under Okawaru
  6078 | D:7      | Found a bloodstained altar of Trog.
  6078 | D:7      | Found a radiant altar of Vehumet.
  6078 | D:7      | Found a shattered altar of Ashenzari.
  6079 | D:7      | Noticed a cyclops
  6081 | D:7      | Found a transporter.
  6081 | D:7      | Noticed a manticore
  6092 | D:7      | Found a transporter.
  6137 | D:7      | Reached skill level 10 in Long Blades
  6826 | D:8      | Reached XP level 10. HP: 29/84 MP: 9/9
  7261 | D:8      | Noticed Joseph
  7281 | D:8      | Killed Joseph
  7281 | D:8      | Reached skill level 12 in Shields
  7332 | D:8      | Found a shadowy altar of Dithmenos.
  7848 | D:9      | Reached *** piety under Okawaru
  8019 | D:9      | Found a staircase to the Lair.
  8043 | D:8      | Reached skill level 1 in Invocations
  8712 | D:9      | Found a runed translucent gate.
  8712 | D:9      | Found a runed translucent gate.
  8712 | D:9      | Found a runed translucent gate.
  8717 | D:9      | Noticed a spectral centaur warrior
  8717 | D:9      | Noticed Xonoqav's ghost (journeyman GrFi)
  9020 | D:9      | Noticed a two-headed ogre
  9030 | D:9      | Killed a two-headed ogre
  9030 | D:9      | Reached **** piety under Okawaru
  9030 | D:9      | Reached skill level 13 in Shields
  9526 | D:10     | Entered Level 10 of the Dungeon
  9526 | D:10     | Noticed a two-headed ogre
  9534 | D:10     | Noticed a two-headed ogre
  9541 | D:10     | Killed a two-headed ogre
  9541 | D:10     | Reached XP level 11. HP: 88/94 MP: 11/11
  9553 | D:10     | Killed a two-headed ogre
  9553 | D:10     | Reached skill level 14 in Shields
  9610 | D:10     | Found Ihiu's Food Boutique.
 10141 | D:10     | Reached ***** piety under Okawaru
 10355 | D:11     | Noticed a two-headed ogre
 10373 | D:11     | Killed a two-headed ogre
 11024 | D:11     | Reached skill level 15 in Shields
 11404 | D:11     | Found a staircase to the Orcish Mines.
 11986 | D:11     | Reached skill level 10 in Armour
 12032 | D:11     | Found a runed translucent door.
 12082 | D:11     | Noticed a two-headed ogre
 12087 | D:11     | Killed a two-headed ogre
 12087 | D:11     | Received a gift from Okawaru
 12252 | D:11     | Noticed a red very ugly thing
 12252 | D:11     | Noticed an orc knight
 12253 | D:11     | Noticed an ettin
 12377 | D:12     | Noticed a wizard
 12387 | D:12     | Killed a wizard
 12387 | D:12     | Received a gift from Okawaru
 12394 | D:12     | Reached skill level 16 in Shields
 12658 | D:12     | Reached XP level 12. HP: 103/103 MP: 12/12
 13160 | D:12     | Noticed a two-headed ogre
 13169 | D:12     | Killed a two-headed ogre
 13496 | Lair:1   | Entered Level 1 of the Lair of Beasts
 13560 | Lair:1   | Received a gift from Okawaru
 13863 | Lair:1   | Found a runed translucent door.
 13866 | Lair:1   | Noticed Xixaub Eqygg's ghost (journeyman DrTm)
 13980 | Lair:1   | Noticed Urug
 14007 | Lair:1   | Killed Urug
 14910 | Lair:2   | Reached skill level 10 in Fighting
 14911 | Lair:2   | Reached skill level 17 in Shields
 15016 | Lair:2   | Found a hole to the Spider Nest.
 15028 | Lair:2   | Received a gift from Okawaru
 15332 | Lair:2   | Found the +4 moon troll leather armour {Spirit, Regen++
                  | MP+5}
 15334 | Lair:2   | Noticed Haraddelas's ghost (journeyman OpTm)
 15334 | Lair:2   | Identified the +5 short sword of Cadaum {distort, Stlth+}
 15376 | Lair:2   | Found a transporter.
 15386 | Lair:2   | Found a transporter.
 15431 | Lair:2   | Noticed Fannar
 15449 | Lair:2   | Killed Fannar
 15457 | Lair:2   | Noticed Erica
 15465 | Lair:2   | Killed Erica
 16304 | Lair:2   | Noticed Gastronok
 16318 | Lair:2   | Killed Gastronok
 16318 | Lair:2   | Received a gift from Okawaru
 16318 | Lair:2   | Reached XP level 13. HP: 70/113 MP: 13/13
 16321 | Lair:2   | Got a bloodstained hat {god gift}
 16327 | Lair:2   | Identified the +2 hat of Mizuotze {Dex+5} (Okawaru gifted
                  | it to you on level 2 of the Lair of Beasts)
 18110 | Lair:4   | Reached skill level 18 in Shields
 18418 | Lair:4   | Reached ****** piety under Okawaru
 18555 | Lair:4   | Reached skill level 15 in Long Blades
 18934 | Lair:4   | Found a staircase to the Shoals.
 19297 | Orc:1    | Entered Level 1 of the Orcish Mines
 19819 | D:9      | Killed Xonoqav's ghost
 19997 | D:11     | Killed a red very ugly thing
 20001 | D:11     | Killed an ettin
 20149 | D:13     | Received a gift from Okawaru
 20206 | D:13     | You fall into a shaft and drop 1 floor!
 20206 | D:14     | Found Diheho's Pet Rocks.
 20216 | D:14     | Found a gate to the Vaults.
 20264 | D:14     | Found a gate leading to a gauntlet.
 20273 | Gauntlet | Entered a Gauntlet
 20273 | Gauntlet | Found a transporter.
 20273 | Gauntlet | Found a transporter.
 20273 | Gauntlet | Found a transporter.
 20274 | Gauntlet | Found a transporter.
 20277 | Gauntlet | Found a transporter.
 20287 | Gauntlet | Found a transporter.
 20289 | Gauntlet | Found a transporter.
 20295 | Gauntlet | Found a transporter.
 20304 | Gauntlet | Found a transporter.
 20312 | Gauntlet | Found a transporter.
 20314 | Gauntlet | Found a transporter.
 20456 | Gauntlet | Found a transporter.
 20639 | Gauntlet | Reached skill level 19 in Shields
 20684 | Gauntlet | Identified a scroll of acquirement
 20942 | Gauntlet | Reached XP level 14. HP: 124/124 MP: 12/14
 21134 | Gauntlet | Identified the ring "Deigh" {+Inv rPois Dex+4 SInv}
 21770 | Lair:1   | Killed Xixaub Eqygg's ghost
 21782 | Lair:1   | Got a crude chain mail
 21796 | Lair:1   | Identified the +5 chain mail "Zaetateu" {rPois Str+2 Dex+3}
                  | (You found it on level 1 of the Lair of Beasts)
 21971 | D:13     | Found Kasom's Armour Boutique.
 23309 | D:13     | Received a gift from Okawaru
 23388 | D:14     | Bought a wand of digging (5) for 234 gold pieces
 25041 | Orc:2    | Entered Level 2 of the Orcish Mines
 25097 | Orc:2    | Found a staircase to the Elven Halls.
 25264 | Orc:2    | Reached skill level 5 in Dodging
 25378 | Orc:2    | Found a roughly hewn altar of Beogh.
 25400 | Orc:2    | Found a bloodstained altar of Trog.
 25472 | Orc:2    | Found Goempan's Book Emporium.
 25535 | Orc:2    | Found Ynanu's Gadget Boutique.
 25856 | Orc:2    | Found Amutruoxt's Book Boutique.
 25858 | Orc:2    | Found Usuufal's Gadget Emporium.
 26464 | Orc:1    | Found a roughly hewn altar of Beogh.
 27056 | D:15     | Entered Level 15 of the Dungeon
 27066 | D:15     | Identified Roxanne's Disquisition on Clay
 27066 | D:15     | Noticed Roxanne
 27138 | D:15     | Received a gift from Okawaru
 27359 | D:15     | Reached skill level 20 in Shields
 27416 | D:15     | Noticed Agnes
 27432 | D:15     | Killed Agnes
 27432 | D:15     | Reached XP level 15. HP: 126/135 MP: 16/16
 27835 | D:15     | Identified the Incunabulum of Orientation and Companions
 27935 | D:15     | Found a staircase to the Depths.
 28058 | D:15     | Killed Roxanne
 28471 | Lair:5   | Noticed Rupert
 28489 | Lair:5   | Killed Rupert
 29397 | Lair:5   | Received a gift from Okawaru
 29554 | Lair:6   | Entered Level 6 of the Lair of Beasts
 29654 | Lair:6   | Found a snail-covered altar of Cheibriados.
 30987 | Lair:6   | Found a staircase to the Slime Pits.
 31341 | Lair:6   | Noticed Nessos
 31353 | Lair:6   | Killed Nessos
 31366 | Lair:6   | Reached skill level 1 in Evocations
 31641 | Lair:6   | Reached skill level 21 in Shields
 31911 | Spider:1 | Entered Level 1 of the Spider Nest
 31973 | Spider:1 | Noticed a ghost moth
 31980 | Spider:1 | Killed a ghost moth
 32002 | Spider:1 | Reached XP level 16. HP: 119/146 MP: 3/17
 32226 | Spider:1 | Got a translucent falchion
 32227 | Spider:1 | Identified the +7 falchion of the Priest {pain, +Inv rPois
                  | rN+ MR+} (You found it on level 1 of the Spider Nest)
 33134 | Spider:2 | Noticed Azrael
 33151 | Spider:2 | Killed Azrael
 33680 | Spider:2 | Received a gift from Okawaru
 33691 | Spider:2 | Got a scorched shield {god gift}
 33697 | Spider:2 | Identified the +4 shield of the Maze {Str+3} (Okawaru
                  | gifted it to you on level 2 of the Spider Nest)
 33869 | Spider:2 | Noticed Arachne
 33890 | Spider:2 | Killed Arachne
 35236 | Spider:3 | Reached skill level 15 in Armour
 35350 | Spider:3 | Noticed Aizul
 35425 | Spider:3 | Killed Aizul
 36446 | Spider:4 | Entered Level 4 of the Spider Nest
 36822 | Spider:4 | Reached skill level 22 in Shields
 36896 | Spider:4 | Received a gift from Okawaru
 38842 | Spider:4 | Reached skill level 15 in Fighting
 38918 | Spider:4 | Received a gift from Okawaru
 39132 | Spider:4 | Reached XP level 17. HP: 52/156 MP: 9/18
 39536 | Spider:4 | Got a gossamer rune of Zot
 39881 | Shoals:1 | Entered Level 1 of the Shoals
 39968 | Shoals:1 | Killed from afar by a manticore

Levels and vault maps discovered:
D:1:      lightli_arrival_noodles, layout_basic
D:2:      layout_loops_ring, nicolae_gozag_cash_rules_everything_around_me,
          first_ration, chequers_serial_rivers_small_b,
          yredelemnul_altar_generic
D:3:      minmay_angry_zag, layout_basic, lemuel_crystal_altar,
          gammafunk_ghost_necromancy
D:4:      layout_loops_ring, grunt_temple_overflow_open, minitemple,
          serial_shops, nicolae_shop_behind_doors, minmay_manual_maat,
          uniq_robin, uniq_eustachio
D:5:      layout_cave_pools, serial_shops, nicolae_shop_statue_plus
D:6:      layout_basic, nicolae_overflow_crystal_walls,
          minmay_temple_entry_tees, hangedman_ru_absence, uniq_edmund,
          uniq_sigmund, uniq_blork_the_orc, uniq_duvessa,
          uniq_crazy_yiuf_cottage
D:7:      layout_loops_corners, gammafunk_temple_overflow_arena
D:8:      layout_basic, basic_altar, uniq_joseph
D:9:      layout_roguey, minmay_lair_entry_grove, gammafunk_ghost_necromancy,
          bh_walls_and_bars
D:10:     lemuel_ice_statue, layout_loops_cross, serial_shops, shop
D:11:     layout_irregular_city, zombieorc2_lemuel, the_bakery, wad_hexagon
D:12:     layout_small_grid
D:13:     nooodl_glass_maze, layout_loops_corners, serial_shops, shop
D:14:     layout_grid_maze, erik_vaults_1, gauntlet_entry_generic,
          guppyfry_shop_earth
D:15:     gammafunk_enter_depths_forms, layout_rooms, drop_trap, uniq_agnes,
          uniq_roxanne
Temple:   compressed_dpeg_circular_temple
Lair:1:   layout_regular_city, ebering_ghost_inner_flame, grunt_megastairs_4,
          uniq_urug
Lair:2:   layout_long_grid, spider_nest_entry_a, special_room
          [special_room_bee], gammafunk_ghost_hive, uniq_erica, uniq_gastronok,
          uniq_fannar
Lair:3:   layout_layer_cave, serial_forest, infiniplex_forest_lined_2,
          infiniplex_forest_lined_2, infiniplex_forest_end_1,
          infiniplex_forest_clump_small, infiniplex_forest_lined_room_3,
          infiniplex_forest_lined_3_way, infiniplex_forest_clump_medium,
          infiniplex_forest_zigzag_1, infiniplex_forest_side_room, st_stairs_8,
          minmay_another_anthill
Lair:4:   layout_cave_pods, elwin_shoals_entry_rooms
Lair:5:   layout_roguey, uniq_rupert
Lair:6:   due_jungle_book, layout_loops_ring, minmay_slime_entry_oklob_enclosed,
          basic_altar, lemuel_fruit_tree, uniq_nessos
Shoals:1: layout_shoals, hangedman_shoal_volcano
Spider:1: layout_spider_delve
Spider:2: layout_chambers, uniq_azrael, uniq_arachne
Spider:3: layout_spider_delve, uniq_aizul
Spider:4: grunt_spider_rune_parallel
Orc:1:    nicolae_orc_accident_2, layout_caves, mines2_lemuel
Orc:2:    st_orc_elflike, layout_diamond_mine, basic_altar, bloody_trog

Skill      XL: |  1  2  3  4  5  6  7  8  9 10 11 12 13 14 15 16 |
---------------+-------------------------------------------------+-----
Fighting       | 4 5 6 8 9 10 11 13 14 15 | 15.1
Shields        | 4 5 6 9 11 13 16 17 19 20 21 22 | 22.7
Long Blades    | 3 4 5 6 7 9 10 12 13 14 15 16 17 | 17.1
Armour         | 4 5 6 7 8 9 10 11 12 13 14 15 | 15.4
Dodging        | 1 2 3 4 5 6 7 |  7.7
Stealth        | 1 2 |  2.8
Invocations    | 1 2 3 |  3.2
Evocations     | 1 |  1.4

Action                   |  1- 3 |  4- 6 |  7- 9 | 10-12 | 13-15 | 16-18 || total
-------------------------+-------+-------+-------+-------+-------+-------++-------
Melee: Long sword        |   112 |   124 |   440 |  1071 |  1284 |   188 ||  3219
       Headbutt          |    18 |    29 |    92 |   262 |   482 |   300 ||  1183
       Scimitar          |       |       |       |       |    15 |       ||    15
       Falchion          |       |       |       |       |       |   535 ||   535
Invok: Heroism           |       |       |     1 |    21 |     7 |     5 ||    34
       Finesse           |       |       |       |       |     1 |       ||     1
Evoke: Wand              |       |       |       |       |    13 |       ||    13
  Use: Potion            |     4 |     4 |       |     1 |       |     1 ||    10
       Scroll            |       |     2 |     8 |     6 |     9 |     2 ||    27
  Eat: Chunk             |     2 |     4 |    13 |    31 |    27 |    20 ||    97
       Ration            |       |       |       |     1 |     8 |     2 ||    11
Armor: Scale mail        |    34 |       |       |       |       |       ||    34
       Chain mail        |    29 |    69 |   156 |    43 |   284 |   295 ||   876
       Plate armour      |       |       |       |   326 |   122 |       ||   448
Dodge: Dodged            |    19 |    34 |   108 |   295 |   331 |   367 ||  1154
Block: Shield            |    59 |    73 |   269 |   840 |   939 |   917 ||  3097
       Rpst.: Long sword |     9 |    12 |    23 |    78 |    89 |    20 ||   231
       Scimitar          |       |       |       |       |     1 |       ||     1
       Falchion          |       |       |       |       |       |    39 ||    39
